 Dungeon Crawl Stone Soup version 0.29.1-2-gbd0b4ee654 (webtiles) character file.

Game seed: 15006696692417785689

2 Icepheonix32 the Insei (level 1, 0/15 HPs)
             Began as a Demigod Transmuter on Nov 7, 2022.
             Slain by a jackal (2 damage)
             ... on level 1 of the Dungeon.
             The game lasted 00:00:06 (50 turns).

Icepheonix32 the Insei (Demigod Transmuter)           Turns: 50, Time: 00:00:07

Health: 0/15       AC:  2    Str: 11    XL:     1   Next: 26%
Magic:  5/5        EV: 12    Int: 15    God:
Gold:   13         SH:  0    Dex: 14    Spells: 2/3 levels left

rFire   . . .      SeeInvis .     - Unarmed
rCold   . . .      Faith    .   (no shield)
rNeg    . . .      Spirit   .   a - +0 robe
rPois   .          Reflect  .   (helmet currently unavailable)
rElec   .          Harm     .   (no cloak)
rCorr   .          Rampage  .   (no gloves)
Will    .....                   (boots currently unavailable)
Stlth   +.........              (no amulet)
HPRegen 0.05/turn               (no ring)
MPRegen 0.09/turn               (no ring)

@: appendages (expiring)
A: horns 2, talons 2, high MP 1, forlorn, divine attributes
a: End Transformation


You were on level 1 of the Dungeon.
You had temporarily grown beastly horns and talons.
You visited 1 branch of the dungeon, and saw 1 of its levels.

You collected 13 gold pieces.

Inventory:

Armour
 a - a +0 robe (worn)
Potions
 b - a potion of lignification
 c - a potion of mutation {unknown}


   Skills:
 + Level 0.8 Fighting
 + Level 1.8 Dodging
 + Level 2.8 Unarmed Combat
 + Level 1.8 Spellcasting
 + Level 1.8 Transmutations


You had 2 spell levels left.
You knew the following spells:

 Your Spells              Type           Power      Damage    Failure   Level
a - Beastly Appendage     Tmut           12%        N/A       11%         1

Your spell library contained the following spells:

 Spells                   Type           Power      Damage    Failure   Level
 Wereblood                Tmut           6%         N/A       16%         2
 Spider Form              Tmut/Pois      4%         N/A       43%         3
 Ice Form                 Ice/Tmut       4%         N/A       83%         4


Dungeon Overview and Level Annotations

Branches:
Dungeon (1/15)


Innate Abilities, Weirdness & Mutations

You have temporarily grown beastly horns and talons.
You have an increased reservoir of magic. (+10% MP)
You shall have no god before yourself.
Your divine heritage dramatically boosts your attributes as you level up.


Message History

You see here a smoky grey potion.
The jackal barks!
The endoplasm quivers.
You hit the hobgoblin but do no damage. You hit the hobgoblin.
You kill the hobgoblin!
A jackal comes into view.
Found a dagger.
A jackal comes into view. x2
You see here a hobgoblin corpse.
The kobold closely misses you.
A bat comes into view.
The jackal barely misses you.
The jackal barks!
You hit the jackal. Your kick misses the jackal.
Your headbutt misses the jackal.
The jackal is heavily wounded.
The kobold hits you but does no damage. The jackal closely misses you.
A dart slug comes into view.
You hit the jackal.
You kill the jackal!
The endoplasm closely misses you. The kobold closely misses you.
You closely miss the jackal. The jackal bites you.
The kobold completely misses you. The endoplasm freezes you.
You are frozen.
You barely miss the jackal. The endoplasm freezes you.
You are frozen.
The jackal closely misses you. The kobold hits you with a +0 dagger.
* * * LOW HITPOINT WARNING * * *
The jackal bites you.
* * * LOW HITPOINT WARNING * * *
Unknown command.
The kobold attacks as you move away! The kobold misses you.
The jackal bites you but does no damage.
The jackal misses you.
You see here a hobgoblin corpse.
The jackal attacks as you move away! The jackal bites you.
You die...

..#######
....)..#
#......#
#......####
##..w.......
...>..>.#
#.Kb...#
#hhhJ..#
#.@....#
#.!....###
....
#.........
......
#........#
.....
#..##....#
...###.##
#...)
..###.##..#
....
......#.##
#[#
#....######
.#


You could see a dart slug, an endoplasm, 3 jackals, a bat and a kobold.

Vanquished Creatures
  A hobgoblin (D:1)
  A jackal (D:1)
2 creatures vanquished.

Notes
Turn   | Place    | Note
-------+----------+-------------------------------------------
     0 | D:1      | Icepheonix32 the Demigod Transmuter began the quest for the
                  | Orb.
     0 | D:1      | Reached XP level 1. HP: 15/15 MP: 5/5
    50 | D:1      | Slain by a jackal

Illustrated notes

Levels and vault maps discovered:
D:1:      saegor_arrival_simple_c, layout_basic, minmay_rat_gold_closets

Action                   || total
-------------------------++-------
Melee: Unarmed           ||     6
 Cast: Beastly Appendage ||     1
Armor: Robe              ||     2
Dodge: Dodged            ||     9
